Map: [ESL] Crimson Court

Players

SpeCial

  • Race: Terran Terran
  • Spawn Location: 1:00

Future - Winner!

  • Race: Terran Terran
  • Spawn Location: 7:00

Event: ESL SC2 Masters 2024 Spring (Regional)

VOD

Have the link to the VOD?

Description

Time

  • Played on: April 20, 2024, 11:25 a.m.
  • Length: 11:56

All games in this series

Show
View Real Time Build Order
Export as new Build Order

SpeCial Terran 

Build Orders: Cyclone Opening 

Get SALT Encoding   

  12  0:00  SCV  
  13  0:12  SCV  
  14  0:18  Supply Depot  
  14  0:24  SCV  
  15  0:39  SCV  
  15  0:42  Barracks  
  16  0:44  Refinery  
  16  0:51  SCV  
  16  0:53  Refinery  
  17  1:03  SCV  
  18  1:16  SCV  
  19  1:29  Orbital Command, Reaper  
  19  1:32  Supply Depot  
  20  1:42  Factory  
  20  1:55  SCV  
  20  2:01  Reaper  
  22  2:07  SCV  
  23  2:19  SCV  
  24  2:23  Command Center  
  24  2:26  Cyclone  
  26  2:35  SCV  
  27  2:38  Starport  
  27  2:42  Barracks Tech Lab  
  27  2:47  SCV  
  28  2:57  Supply Depot  
  28  2:58  Widow Mine  
  30  2:59  SCV  
  31  3:11  SCV  
  31  3:12  Barracks Tech Lab  
  30  3:21  Banshee  
  33  3:27  Cyclone, Refinery  
  33  3:28  SCV  
  36  3:39  Barracks Reactor  
  36  3:40  SCV  
  37  3:49  Orbital Command  
  37  3:54  SCV  
  38  4:06  SCV  
  38  4:08  Siege Tank  
  42  4:11  Command Center  
  42  4:14  Raven  
  42  4:16  SCV  
  45  4:18  SCV  
  46  4:28  Supply Depot  
  46  4:31  SCV x2  
  46  4:37  Marine x2  
  48  4:46  SCV x2  
  48  4:47  Siege Tank  
  48  4:50  Raven  
  48  4:52  Supply Depot  
  55  4:55  Interference Matrix, Marine x2  
  55  4:58  SCV x2  
  58  5:10  SCV x2  
  58  5:13  Marine x2  
  62  5:19  Siege Tank  
  64  5:22  SCV x2  
  66  5:31  Raven, Marine x2  
  66  5:34  SCV  
  66  5:35  SCV  
  69  5:39  Supply Depot, Orbital Command  
  69  5:47  SCV x2  
  69  5:48  Marine  
  72  5:51  Barracks  
  72  5:57  Orbital Command  
  72  5:59  SCV x2, Siege Tank, Barracks  
  77  6:08  Engineering Bay  
  77  6:11  SCV  
  78  6:12  SCV  
  78  6:13  Refinery  
  78  6:17  Supply Depot, Engineering Bay  
  79  6:23  SCV  
  79  6:24  SCV  
  79  6:25  Viking x2  
  80  6:27  Marine  
  80  6:29  SCV  
  82  6:35  SCV  
  82  6:36  SCV  
  82  6:40  Siege Tank  
  82  6:41  SCV  
  82  6:43  Stimpack  
  82  6:45  Barracks Reactor  
  84  6:47  SCV, Barracks Reactor  
  84  6:48  SCV  
  84  6:50  Missile Turret  
  84  6:53  SCV  
  87  6:56  Terran Infantry Weapons Level 1  
  87  7:00  SCV  
  87  7:01  SCV  
  89  7:02  Viking  
  89  7:07  Viking  
  93  7:09  Supply Depot  
  93  7:13  SCV  
  93  7:14  SCV  
  95  7:16  SCV  
  86  7:22  Marine  
  86  7:23  Marine x2  
  86  7:26  SCV  
  86  7:29  SCV x2  
  92  7:31  Viking  
  92  7:35  Marine x2  
  65  7:37  Viking  
  96  7:38  SCV  
  96  7:40  Marine  
  96  7:41  SCV  
  101  7:55  Supply Depot  
  101  7:58  Refinery  
  101  7:59  Terran Infantry Armor Level 1, Refinery  
  101  8:00  Supply Depot, Barracks x2  
  101  8:04  Marine  
  101  8:05  SCV  
  101  8:07  SCV x2  
  101  8:08  Marine  
  101  8:16  Siege Tank, Marine x3  
  101  8:19  SCV  
  106  8:22  Marine  
  106  8:24  Medivac x2  
  106  8:26  Marine  
  105  8:27  SCV x2  
  105  8:34  Marine x3  
  95  8:40  Marine  
  92  8:44  Marine  
  92  8:47  SCV x2  
  92  8:48  SCV, Siege Tank  
  96  8:50  Marine  
  96  8:52  Marine x3  
  96  8:53  Marine  
  102  8:58  Marine  
  102  9:02  Marine  
  103  9:03  Medivac x2  
  98  9:11  Marine x2  
  98  9:12  Marine x2  
  98  9:13  Marine  
  98  9:16  Marine  
  84  9:20  Siege Tank  
  85  9:29  Marine x2  
  85  9:30  Marine x2  
  88  9:34  Supply Depot  
  86  9:44  Marine x2  
  86  9:45  Medivac  
  68  9:47  Marine x2  
  68  9:48  Marine x2  
  50  9:53  Siege Tank  
  50  9:59  SCV  
  51  10:02  Marine  
  51  10:05  Marine x3  
  51  10:06  Marine  
  50  10:09  SCV  
  50  10:14  Barracks Reactor  
  50  10:20  Marine  
  49  10:23  Marine x3  
  49  10:24  Marine  
  49  10:25  Siege Tank  
  45  10:34  SCV  
  43  10:38  SCV, Marine  
  43  10:40  Marine  
  43  10:42  Marine  
  48  10:47  Marine  
  48  10:48  Medivac  
  48  10:49  Medivac  
  51  10:50  Marine x2  
  51  10:54  Barracks Tech Lab  
  51  10:55  SCV x2  
  52  11:02  Marine x3  
  50  11:05  Marine  
  50  11:08  SCV x2, Marine x2  
  55  11:14  Marine  
  56  11:20  SCV x2, Marine x2  
  60  11:27  Marine x4  
  60  11:32  Marine  
  65  11:33  SCV  
  65  11:34  SCV  
  65  11:38  Marine x2  
Show
View Real Time Build Order
Export as new Build Order

Future Terran - Winner!

Build Orders:  

Get SALT Encoding   

  12  0:00  SCV  
  13  0:12  SCV  
  14  0:17  Supply Depot  
  14  0:24  SCV  
  15  0:38  SCV  
  15  0:39  Barracks  
  16  0:43  Refinery  
  16  0:50  SCV  
  16  0:52  Refinery  
  17  1:02  SCV  
  18  1:15  SCV  
  19  1:26  Reaper  
  19  1:27  Orbital Command  
  20  1:41  Factory  
  20  1:42  Supply Depot  
  20  1:52  SCV  
  21  1:58  Reaper  
  22  2:04  SCV  
  23  2:16  SCV  
  23  2:18  Command Center  
  24  2:27  Hellion  
  24  2:28  SCV  
  27  2:35  Starport  
  27  2:40  SCV  
  27  2:41  Barracks Reactor  
  28  2:52  SCV  
  28  2:53  Supply Depot  
  28  2:54  Factory Tech Lab  
  29  3:04  SCV  
  30  3:15  Siege Tank  
  30  3:17  SCV  
  30  3:18  Marine x2  
  36  3:26  Medivac  
  38  3:29  SCV  
  38  3:31  Orbital Command  
  39  3:35  Refinery  
  39  3:36  Marine x2  
  39  3:41  SCV  
  42  3:47  Cyclone  
  44  3:49  Supply Depot  
  44  3:53  SCV  
  44  3:54  Marine x2  
  47  3:59  SCV  
  48  4:05  SCV  
  48  4:08  Starport Tech Lab  
  49  4:12  SCV, Marine x2  
  52  4:17  SCV  
  52  4:23  Siege Tank  
  54  4:26  SCV  
  54  4:29  SCV  
  54  4:30  Marine  
  54  4:31  Marine  
  58  4:34  Interference Matrix, Raven  
  58  4:38  SCV  
  60  4:46  SCV  
  60  4:48  Marine x2  
  60  4:51  Supply Depot  
  62  4:55  Starport  
  62  4:59  Supply Depot  
  62  5:12  Marine x2  
  62  5:13  SCV, Siege Tank, Raven  
  70  5:15  Supply Depot  
  70  5:19  SCV  
  69  5:23  Supply Depot  
  69  5:25  SCV  
  69  5:27  Refinery  
  68  5:31  SCV  
  67  5:37  Marine x2  
  67  5:38  SCV  
  67  5:40  Viking  
  72  5:43  SCV  
  72  5:47  Siege Tank  
  76  5:52  SCV  
  76  5:53  Supply Depot  
  76  5:55  SCV  
  78  6:06  Viking x2  
  78  6:08  Marine  
  78  6:10  SCV x2, Viking  
  87  6:14  Supply Depot  
  81  6:24  Siege Tank  
  84  6:31  Marine  
  85  6:39  Viking x2  
  86  6:40  Viking  
  86  6:46  SCV x2  
  90  6:47  Supply Depot  
  90  6:49  Marine  
  91  6:56  Siege Tank  
  91  6:58  SCV x2  
  96  7:14  Viking x2  
  100  7:21  Marine  
  101  7:28  Siege Tank  
  104  7:32  Liberator  
  107  7:39  Marine  
  95  7:44  Viking  
  95  7:47  SCV x2  
  99  7:53  Viking  
  99  7:57  Marine  
  95  8:14  Siege Tank, Marine, Viking  
  95  8:15  SCV x2, Viking  
  105  8:27  SCV  
  105  8:32  Marine, Viking  
  94  8:37  Command Center  
  94  8:41  Stimpack  
  93  8:43  Barracks  
  93  8:44  Barracks, Viking  
  95  8:50  Marine  
  95  8:53  Siege Tank  
  99  9:05  Barracks  
  99  9:06  Barracks  
  99  9:08  Marine  
  98  9:14  Viking  
  98  9:15  Viking x2  
  98  9:24  SCV x2  
  98  9:25  Siege Tank  
  98  9:26  Marine  
  104  9:32  Marine  
  104  9:36  SCV  
  104  9:37  SCV, Marine  
  108  9:44  Marine  
  105  9:50  Marine  
  105  9:52  Marine  
  91  9:55  Marine  
  91  9:57  Siege Tank, Marine  
  89  10:01  Marine  
  83  10:08  Marine  
  83  10:10  Marine  
  83  10:12  Marine  
  83  10:15  Engineering Bay, Marine  
  83  10:17  Engineering Bay  
  83  10:19  SCV x2, Marine  
  87  10:26  Marine  
  87  10:27  Marine  
  83  10:29  Siege Tank  
  83  10:30  Marine  
  83  10:33  Medivac x2, Marine  
  92  10:36  Medivac, Combat Shield  
  92  10:37  Marine  
  95  10:44  Marine  
  95  10:45  Marine  
  95  10:48  Marine  
  91  10:51  Marine  
  91  10:55  Refinery, Orbital Command, Marine  
  91  10:56  Refinery  
  92  11:01  Marine  
  92  11:03  Marine  
  85  11:05  Siege Tank  
  85  11:06  Marine  
  85  11:08  Marine  
  90  11:15  Sensor Tower  
  90  11:16  Viking x2  
  94  11:23  Marine x3  
  94  11:24  Marine  
  98  11:26  Marine  
  101  11:35  Supply Depot  
Tags
 
Add a new tag
Caveats
  • Supply blocks, unpowered buildings, or Contaminate may cause inaccurate times.
  • Supply counts are checked every 10 seconds.